 Dungeon Crawl Stone Soup version 0.31-a0-198-g2ad674f65e (webtiles) character file.

Game seed: 3356952425212625605

19 qw the Shooter (level 2, 0/16 HPs)
             Began as a Deep Elf Hunter on June 25, 2023.
             Slain by a rat (1 damage)
             ... on level 1 of the Dungeon.
             The game lasted 00:00:10 (504 turns).

qw the Shooter (Deep Elf Hunter)                     Turns: 504, Time: 00:00:10

Health: 0/16       AC:  0    Str:  8    XL:     2   Next: 55%
Magic:  4/4        EV: 13    Int: 13    God:
Gold:   37         SH:  0    Dex: 18    Spells: 1/1 levels left

rFire   . . .        a - +0 shortbow
rCold   . . .        (shield currently unavailable)
rNeg    . . .        (no body armour)
rPois   .            (no helmet)
rElec   .            (no cloak)
rCorr   .            (no gloves)
SInv    .            (no boots)
Will    .....        (no amulet)
Stlth   ++           (no ring)
HPRegen 0.22/turn    (no ring)
MPRegen 0.09/turn

%: no passive effects
@: no status effects
A: no striking features
a: no special abilities


You were on level 1 of the Dungeon.
You visited 1 branch of the dungeon, and saw 1 of its levels.

You collected 37 gold pieces.


   Skills:
 - Level 1.5 Fighting
 + Level 6.3 Ranged Weapons
 - Level 2.4 Dodging
 - Level 1.2 Stealth


You had one spell level left.
You didn't know any spells.
Your spell library was empty.

Inventory:

Hand Weapons
 a - a +0 shortbow (weapon)
Armour
 c - a +0 leather armour
 d - a +0 ring mail
Scrolls
 b - a scroll of butterflies
 e - a scroll of immolation {unknown}
 f - a scroll of teleportation {unknown}
 g - a scroll of poison {unknown}
Potions
 h - a potion of attraction {unknown}

Dungeon Overview and Level Annotations

Branches:
Dungeon (1/15)

Altars:


Message History

Enter note:
Enter note:
Enter note: You see here 2 stones.
A quokka comes into view.
Found a mace.
Enter note:
Enter note:
Enter note:
There are monsters nearby!
490 ||| UPGRADING to +0 ring mail.
The kobold shouts!
You start removing your armour.
You continue taking off your +0 leather armour. x4
You finish taking off your +0 leather armour.
You shoot an arrow. The arrow closely misses the quokka.
The quokka bites you. The quokka barely misses you.
You shoot an arrow. The arrow closely misses the kobold.
The quokka bites you. The kobold misses you.
You shoot an arrow. The arrow hits the kobold.
The kobold is severely wounded.
The quokka barely misses you.
The kobold hits you with a +0 short sword.
You shoot an arrow. The arrow hits the kobold.
You kill the kobold!
The quokka bites you. The quokka misses you.
You shoot an arrow. The arrow closely misses the quokka.
The quokka bites you.
You shoot an arrow. The arrow closely misses the quokka.
The arrow hits the rat.
The rat is moderately wounded.
The quokka bites you.
You shoot an arrow. The arrow closely misses the rat.
The quokka closely misses you. The rat closely misses you.
You shoot an arrow. The arrow barely misses the rat.
The quokka barely misses you. The rat bites you. The quokka barely misses you.
You shoot an arrow. The arrow barely misses the rat.
The rat closely misses you. The quokka barely misses you.
You shoot an arrow. The arrow barely misses the rat.
The rat bites you.
You die...

.~# #.# .~# #.# ##.) ..#
#.# .... ..# #.# .#.#.
..# #.# #..... ~.# #.#
#..#. . ~.# #.# ... ...
..# ########.####r#.#.#.
..# ............@r......
..#########.....###.#.#.
..#..######.%.....#. ...
..#...........#.#.... .
..##.######........##
..##.# #...#.#..# ..##.#
#####......## ..##.#
#.......#### ..##.#
#.#######


You could see a quokka and a rat.

Vanquished Creatures
  A dart slug (D:1)
  3 bats (D:1)
  3 giant cockroaches (D:1)
  A goblin (D:1)
  A hobgoblin (D:1)
  2 jackals (D:1)
  A kobold (D:1)
  2 ball pythons (D:1)
  A frilled lizard (D:1)
15 creatures vanquished.

Notes
Turn   | Place    | Note
-------+----------+-------------------------------------------
     0 | D:1      | qw the Deep Elf Hunter began the quest for the Orb.
     0 | D:1      | Reached XP level 1. HP: 12/12 MP: 3/3
     0 | D:1      | 0 ||| qw: Version: 0.3-a-22-g0ed2b0b
     0 | D:1      | 0 ||| qw: Game counter: 4938
     0 | D:1      | 0 ||| qw: Melee chars always use a shield: true
     0 | D:1      | 0 ||| qw: God list: Okawaru
     0 | D:1      | 0 ||| qw: Allow faded altars: false
     0 | D:1      | 0 ||| qw: Do Orc after clearing Dungeon:15 true
     0 | D:1      | 0 ||| qw: Do second Lair branch before Depths: true
     0 | D:1      | 0 ||| qw: Lair rune preference: random
     0 | D:1      | 0 ||| qw: Goals: Normal
     0 | D:1      | 0 ||| PLANNING D:1-11
    77 | D:1      | Reached skill level 6 in Ranged Weapons
    77 | D:1      | Reached XP level 2. HP: 16/16 MP: 4/4
   490 | D:1      | 490 ||| UPGRADING to +0 ring mail.
   499 | D:1      | HP: 3/16 [quokka (5)]
   500 | D:1      | HP: 1/16 [quokka (2)]
   504 | D:1      | Slain by a rat

Levels and vault maps discovered:
D:1:      dpeg_arrival_more_subterranean_lakeside_camping, layout_loops_ring,
          serial_glass, glass_columns_a, glass_columns_c, glass_columns_a,
          glass_columns_b, glass_columns_c, glass_columns_b, feat_on_display,
          minmay_strange_pillars, minmay_strange_pillars

Skill      XL: |  1 |
---------------+----+-----
Ranged Weapons | 6 |  6.3
Fighting       | |  1.5
Dodging        | |  2.4
Stealth        | |  1.2

Action                     || total
---------------------------++-------
   Fire: Shortbow          ||    40
 Armour: Leather armour    ||     4
  Dodge: Dodged            ||    16

Table legend:
 A = Non-vault XP
 B = Vault XP
 C = Vault XP percentage of total XP
 D = Non-vault monster count
 E = Vault monster count
 F = Vault count percentage of total count
                 A         B        C        D         E       F
            +---------+---------+-------+---------+---------+-------
      Total |      28 |       0 |   0.0 |      15 |       0 |   0.0
            +---------+---------+-------+---------+---------+-------
        D:1 |      28 |       0 |   0.0 |      15 |       0 |   0.0
            +---------+---------+-------+---------+---------+-------
